[Event "Team 45 45 League T75"]
[Site "Internet Chess Club"]
[Date "2017.12.28"]
[Round "2"]
[White "y3LL3r"]
[Black "Goli"]
[Result "1-0"]
[WhiteElo "1497"]
[BlackElo "1671"]
[Opening "Pirc: Austrian attack, 6.Bd3"]
[ECO "B06"]
[Time "07:30:40"]
[TimeControl "2700+45"]

1. e4 g6 2. d4 Bg7 3. Nc3 d6 4. f4 Nf6 5. Nf3 O-O 6. Bd3 c5 7. dxc5 dxc5 8. O-O
Nc6 9. f5 Qb6 10. Kh1 Rd8 11. Qe1 Nb4 12. Qe2 Nxd3 13. cxd3 gxf5 14. e5 Ng4 15.
h3 Nh6 16. Bf4 Qc6 17. Rad1 b5 18. d4 cxd4 19. Nxd4 Qg6 20. Qxb5 Bd7 21. Qa5 Be6
22. Nc6 Re8 23. Rf3 Qh5 24. Rfd3 Ng4 25. Kg1 Nh6 26. Rd8 f6 27. Rxa8 Rxa8 28.
Rd8+ Rxd8 29. Qxd8+ Bf8 30. exf6 exf6 31. Qxf6 Bc5+ 32. Kh1 Bd7 33. Bxh6 Qf7 34.
Qxf7+ Kxf7 35. Ne5+ Ke6 36. Nxd7 Kxd7 37. Nd5 Ke6 38. Nf4+ Kf7 39. Nd3 Bd4 40.
b3 Ke6 41. Bf4 Kd5 42. g3 Ke4 43. Nb4 Bc5 44. Nc6 a6 45. Kg2 Kd3 46. g4 fxg4 47.
hxg4 Kc2 48. b4 Bf8 49. a4 Kb3 50. b5 axb5 51. axb5 Bc5 52. Bc7 Kc4 53. b6 Bxb6
54. Bxb6 Kb5 55. Bd4 Kxc6 56. Kh3 Kd5 57. Ba1 Ke6 58. Kh4 Kf7 59. Kh5 {Black
resigns} 1-0

[Event "Team 45 45 League T75"]
[Site "Internet Chess Club"]
[Date "2018.01.02"]
[Round "2"]
[White "AVEMARIA"]
[Black "Bizzy-Ketty"]
[Result "1-0"]
[WhiteElo "1609"]
[BlackElo "1578"]
[Opening "Sicilian: classical"]
[ECO "B58"]
[Time "14:00:18"]
[TimeControl "2700+45"]

1. e4 c5 2. Nf3 Nc6 3. d4 cxd4 4. Nxd4 Nf6 5. Nc3 d6 6. Be2 a6 7. O-O e5 8. Nb3
Be6 9. Be3 b5 10. f3 Be7 11. Qd2 d5 12. exd5 Nxd5 13. Nxd5 Bxd5 14. Rfd1 Be6 15.
Nc5 Qc8 16. a4 b4 17. b3 O-O 18. Nxe6 Qxe6 19. Qd5 Qf6 20. Qe4 Qg6 21. Bd3 Qxe4
22. Bxe4 Rac8 23. Rd7 Rfe8 24. Kf1 a5 25. Rad1 Bf6 26. Bd5 Ne7 27. Bc4 Rf8 28.
g4 Ng6 29. Ra7 Bd8 30. Rdd7 Ne7 31. Rxe7 Bxe7 32. Rxe7 Rcd8 33. Ke2 Rde8 34.
Rxe8 Rxe8 35. Bb6 Ra8 36. h4 Kf8 37. Ke3 Ke7 38. Ke4 f6 39. Kd5 Kd7 40. Bb5+ Kc8
41. Bc5 Kc7 42. Bd6+ Kb6 43. Ke6 Ra7 44. Kd5 Ra8 45. Bc5+ Kc7 46. Ke6 Kb7 47.
Kd7 Rb8 48. Bc6+ Ka6 49. Kc7 Rb6 50. Bb5+ Rxb5 51. axb5+ Kxb5 52. Bf8 g6 53. Bg7
f5 54. Bxe5 fxg4 55. fxg4 a4 56. bxa4+ Kxa4 57. Kc6 b3 58. cxb3+ Kxb3 59. g5 Kc4
60. Kd6 Kd3 61. Ke6 Ke4 62. Kf6 Kf3 63. Kg7 Kg4 64. Kxh7 Kxh4 65. Kxg6 Kg4 66.
Kf6 {Black resigns} 1-0

[Event "Team 45 45 League T75"]
[Site "Internet Chess Club"]
[Date "2017.12.20"]
[Round "2"]
[White "mongmong"]
[Black "tightfist"]
[Result "1-0"]
[WhiteElo "1500"]
[BlackElo "1548"]
[Opening "Queen's pawn game"]
[ECO "D05"]
[Time "20:01:16"]
[TimeControl "2700+45"]

1. d4 d5 2. Nf3 Nf6 3. e3 e6 4. Bd3 Bd6 5. Nbd2 O-O 6. O-O c5 7. c3 Nc6 8. Qe2
Qb6 9. dxc5 Bxc5 10. e4 dxe4 11. Nxe4 Be7 12. Nxf6+ Bxf6 13. Be3 Qxb2 14. Qxb2
{Black resigns} 1-0

[Event "Team 45 45 League T75"]
[Site "Internet Chess Club"]
[Date "2017.12.23"]
[Round "2"]
[White "armand068new"]
[Black "zap2"]
[Result "1-0"]
[WhiteElo "1721"]
[BlackElo "1667"]
[Opening "Nimzo-Indian: 4.e3 c5"]
[ECO "E41"]
[Time "09:10:16"]
[TimeControl "2700+45"]

1. d4 Nf6 2. c4 e6 3. Nc3 Bb4 4. e3 c5 5. Bd3 cxd4 6. exd4 O-O 7. Ne2 d5 8. O-O
b6 9. Bg5 dxc4 10. Bxf6 Qxf6 11. Be4 Nc6 12. Bxc6 Rb8 13. Qa4 a5 14. a3 Bd6 15.
Qxc4 Qh6 16. g3 e5 17. d5 Qh3 18. Ne4 Bg4 19. f3 Bc5+ 20. Nxc5 bxc5 21. Qxg4 Qh6
22. Rab1 Qe3+ 23. Rf2 f5 24. Qc4 Rb3 25. d6+ Kh8 26. d7 Rfb8 27. Nc3 g5 28. Qxb3
Rxb3 29. d8=Q+ Kg7 30. Qe7+ {Black resigns} 1-0

[Event "Team 45 45 League T75"]
[Site "Internet Chess Club"]
[Date "2017.12.22"]
[Round "2"]
[White "Hal2001"]
[Black "VictorRed"]
[Result "1/2-1/2"]
[WhiteElo "1536"]
[BlackElo "1744"]
[Opening "Philidor: exchange variation"]
[ECO "C41"]
[Time "21:08:50"]
[TimeControl "2700+45"]

1. e4 e5 2. Nf3 d6 3. d4 exd4 4. Nxd4 Nf6 5. Nc3 Be7 6. Bc4 O-O 7. O-O Nbd7 8.
Nf5 Ne5 9. Nxe7+ Qxe7 10. Nd5 Nxd5 11. Bxd5 c6 12. Bb3 Be6 13. Bf4 Bxb3 14. axb3
Rfd8 15. Qe2 Qf6 16. Bg3 Ng6 17. c3 Qe6 18. Qc2 Re8 19. f3 d5 20. Rfe1 Qd7 21.
Rad1 Rad8 22. Qf2 b6 23. exd5 Rxe1+ 24. Qxe1 cxd5 25. Rd4 Qb5 26. Qd1 Ne7 27.
Rb4 Qc5+ 28. Bf2 Qc6 29. Ra4 Rd7 30. Qd3 h6 31. Ra1 Nc8 32. Re1 Re7 33. Rxe7
Nxe7 34. Bd4 Qe6 35. Kf2 f6 36. Qe2 Qxe2+ 37. Kxe2 Kf7 38. Kd3 Ke6 39. c4 Nf5
40. Bf2 Nd6 41. c5 bxc5 42. Bxc5 a6 43. g4 g6 44. h4 Nb7 45. Bb4 f5 46. Kd4 fxg4
47. fxg4 h5 48. gxh5 gxh5 49. Bd2 Nd6 50. Be1 Nf5+ 51. Kd3 Ke5 52. Bc3+ d4 53.
Be1 Kd5 54. b4 Nd6 55. b3 Nf7 56. Bf2 Ne5+ 57. Kd2 d3 58. Bg3 Nc6 {Game drawn by
mutual agreement} 1/2-1/2

[Event "Team 45 45 League T75"]
[Site "Internet Chess Club"]
[Date "2017.12.25"]
[Round "2"]
[White "Andressa"]
[Black "Constrictor"]
[Result "1/2-1/2"]
[WhiteElo "1430"]
[BlackElo "1553"]
[Opening "Caro-Kann defense"]
[ECO "B11"]
[Time "20:08:41"]
[TimeControl "2700+45"]

1. e4 c6 2. Nc3 d5 3. exd5 cxd5 4. d4 Nf6 5. Nf3 Bg4 6. Be2 e6 7. h3 Bh5 8. O-O
Nc6 9. Be3 Bb4 10. a3 Bxc3 11. bxc3 Ne4 12. Qd3 Bg6 13. Qd1 Nxc3 14. Qe1 Nxe2+
15. Qxe2 O-O 16. c3 Qc7 17. Bd2 Na5 18. Ne5 Nb3 19. Nxg6 hxg6 20. Ra2 Nxd2 21.
Qxd2 Rfc8 22. Rc1 Qa5 23. Qb2 b6 24. Qb4 Qxb4 25. axb4 a5 26. bxa5 Rxa5 27. Rac2
Rc4 28. Kf1 Kf8 29. Ke2 Rca4 30. f4 Ra2 31. Kd3 Rxc2 32. Rxc2 b5 33. Rb2 Ke7 34.
g4 Kd6 35. g5 Kc6 36. h4 Ra1 37. Rh2 Ra3 38. Rb2 Ra1 39. Rh2 Rf1 40. Ke3 Ra1 41.
Kd3 Ra8 42. Ke3 Rh8 43. Kd3 {Game drawn by mutual agreement} 1/2-1/2

[Event "Team 45 45 League T75"]
[Site "Internet Chess Club"]
[Date "2017.12.23"]
[Round "2"]
[White "Gilguli"]
[Black "guyd52"]
[Result "1-0"]
[WhiteElo "1314"]
[BlackElo "1317"]
[Opening "Queen's pawn game"]
[ECO "D02"]
[Time "04:37:08"]
[TimeControl "2700+45"]

1. d4 d5 2. Nf3 g6 3. Bf4 Bg7 4. h3 Nf6 5. Nc3 O-O 6. Qd2 Nbd7 7. Nb5 Ne4 8. Qe3
Nd6 9. Nxc7 Qxc7 10. Qxe7 Qxc2 11. Qxd6 Qxb2 12. Rd1 Qxa2 13. e3 Qa5+ 14. Nd2
Nf6 15. Bd3 Rd8 16. Qc7 Qxc7 17. Bxc7 Re8 18. O-O a6 19. Nb3 Bf8 20. Ra1 Be6 21.
Rfc1 Nd7 22. Na5 b6 23. Nc6 Rec8 24. Bf4 a5 25. Bb5 Nb8 26. Ne5 Rxc1+ 27. Rxc1
Bd6 28. Nxg6 hxg6 29. Bxd6 Bd7 30. Bxd7 Nxd7 31. Rc7 Nf6 32. Rb7 Ra6 33. Be5 Ne4
34. Rb8+ Kh7 35. Rh8# {Black checkmated} 1-0

[Event "Team 45 45 League T75"]
[Site "Internet Chess Club"]
[Date "2017.12.30"]
[Round "2"]
[White "suicidepawn"]
[Black "kllrchris"]
[Result "1-0"]
[WhiteElo "1797"]
[BlackElo "1696"]
[Opening "Sicilian, Chekhover variation"]
[ECO "B53"]
[Time "22:01:06"]
[TimeControl "2700+45"]

1. e4 c5 2. Nf3 d6 3. d4 cxd4 4. Qxd4 a6 5. Bc4 Nc6 6. Qd1 Nf6 7. O-O Bg4 8. Bf4
g6 9. h3 Nh5 10. Bxf7+ Kxf7 11. Ng5+ Ke8 12. Qxg4 Nxf4 13. Qxf4 Ne5 14. Nd2 Bh6
15. h4 Rf8 16. Qg3 Qd7 17. Rad1 Rc8 18. c3 a5 19. Nb3 b6 20. Nd4 Bxg5 21. hxg5
Qg4 22. Qxg4 Nxg4 23. Rd3 Kd7 24. f4 h5 25. gxh6 Rh8 26. Rg3 Nf6 27. e5 Nh5 28.
Rxg6 dxe5 29. fxe5 Rc5 30. Rf5 {Black resigns} 1-0

[Event "Team 45 45 League T75"]
[Site "Internet Chess Club"]
[Date "2017.12.28"]
[Round "2"]
[White "WillC"]
[Black "ILRE"]
[Result "0-1"]
[WhiteElo "1695"]
[BlackElo "1609"]
[Opening "Queen's pawn game, Darooha variation "]
[ECO "D02"]
[Time "17:01:05"]
[TimeControl "2700+45"]

1. d4 d5 2. Nf3 Nf6 3. b3 Bf5 4. Bb2 h6 5. e3 c6 6. Be2 e6 7. Nbd2 Nbd7 8. O-O
Be7 9. c4 O-O 10. Rc1 Ne4 11. Ne5 Nxe5 12. dxe5 dxc4 13. Nxe4 Bxe4 14. Rxc4 Bg6
15. Rd4 Qa5 16. Qa1 Rad8 17. Bc3 Qb6 18. Rfd1 Bc5 19. Rd7 Be4 20. Rxd8 Rxd8 21.
Bd4 Bxd4 22. exd4 Bd5 23. Qc3 Rd7 24. Rd2 Qd8 25. Qe3 Qh4 26. Qg3 Qxg3 27. hxg3
Kf8 28. f4 g6 29. Kf2 Be4 30. Bf3 Bxf3 31. Kxf3 Ke7 32. g4 Rd5 33. Ke3 Rd8 34.
Rc2 Rd5 35. Ke4 Kf8 36. f5 gxf5+ 37. gxf5 exf5+ 38. Ke3 Kg7 39. Rf2 Kg6 40. g3
Kg5 41. Rf4 Kg6 42. Rh4 c5 43. dxc5 Rxe5+ 44. Kd4 Re6 45. b4 Kg5 46. Rf4 Ra6 47.
Rf2 h5 48. b5 Ra4+ 49. Kd5 Rb4 50. a4 Rxa4 51. c6 bxc6+ 52. bxc6 Re4 53. c7 Re8
54. Kd6 Kg4 55. Kd7 Ra8 56. c8=Q Rxc8 57. Kxc8 a5 58. Rh2 a4 59. Rh4+ Kxg3 60.
Rxh5 Kg4 61. Rh7 f6 62. Kd7 a3 63. Ke6 f4 64. Kxf6 f3 65. Rg7+ Kf4 66. Rg1 f2
67. Rf1 Kf3 68. Ke5 Ke2 69. Ra1 f1=Q 70. Rxa3 Qb1 71. Rh3 Qb8+ 72. Kd4 Qd8+ 73.
Ke5 Qc7+ 74. Kf6 Qf4+ 75. Ke7 Qe5+ 76. Kf8 Qf5+ {White resigns} 0-1

[Event "Team 45 45 League T75"]
[Site "Internet Chess Club"]
[Date "2017.12.26"]
[Round "2"]
[White "bennywins"]
[Black "JohLeb"]
[Result "0-1"]
[WhiteElo "1483"]
[BlackElo "1607"]
[Opening "Sicilian defense"]
[ECO "B30"]
[Time "13:00:26"]
[TimeControl "2700+45"]

1. e4 c5 2. Nf3 Nc6 3. Bc4 d6 4. h3 Nf6 5. e5 dxe5 6. O-O e6 7. Re1 Bd6 8. d3
O-O 9. Nc3 h6 10. Nb5 a6 11. Nxd6 Qxd6 12. a4 b6 13. Qd2 Bb7 14. c3 Rad8 15. Qe2
Nd7 16. Nh4 Na5 17. Qg4 Nf6 18. Qg3 Kh7 19. Ba2 Rg8 20. Bb1 Nb3 21. Ra3 Nxc1 22.
Rxc1 Nh5 23. Qe3 Nf4 24. d4+ e4 25. dxc5 Qd2 26. Qxd2 Rxd2 27. Re1 f5 28. Kh2 g5
29. g3 gxh4 30. gxf4 Rxf2+ 31. Kh1 e3+ 32. c6 Bxc6+ 33. Be4 Bxe4# {White
checkmated} 0-1

[Event "Team 45 45 League T75"]
[Site "Internet Chess Club"]
[Date "2017.12.24"]
[Round "2"]
[White "Scorpius"]
[Black "chesskix"]
[Result "0-1"]
[WhiteElo "1324"]
[BlackElo "1399"]
[Opening "Sicilian: Alapin's variation (2.c3)"]
[ECO "B22"]
[Time "20:00:35"]
[TimeControl "2700+45"]

1. e4 c5 2. c3 Nc6 3. d4 cxd4 4. cxd4 e5 5. d5 Nd4 6. Nf3 Nxf3+ 7. Qxf3 Nf6 8.
Nc3 d6 9. Bb5+ Bd7 10. Bg5 Be7 11. Bxd7+ Qxd7 12. O-O a6 13. Bxf6 Bxf6 14. Rac1
O-O 15. Nd1 Rac8 16. Ne3 Bg5 17. Qg3 Bf4 18. Qf3 Rxc1 19. Rxc1 Rc8 20. Re1 h6
21. g3 Bxe3 22. Qxe3 f5 23. f4 Rc2 24. fxe5 dxe5 25. d6 Rxb2 26. exf5 Qxf5 27.
Rf1 Qh3 28. Qf3 Qxh2# {White checkmated} 0-1

[Event "Team 45 45 League T75"]
[Site "Internet Chess Club"]
[Date "2017.12.22"]
[Round "2"]
[White "Ksadury"]
[Black "krysto"]
[Result "1/2-1/2"]
[WhiteElo "1574"]
[BlackElo "1549"]
[Opening "French: advance, Euwe variation"]
[ECO "C02"]
[Time "09:04:23"]
[TimeControl "2700+45"]

1. e4 e6 2. d4 d5 3. e5 c5 4. c3 Nc6 5. Nf3 Bd7 6. Be2 Nge7 7. O-O Nf5 8. Na3 a6
9. Nc2 Be7 10. a3 c4 11. g4 Nh4 12. Nxh4 Bxh4 13. Ne1 Ne7 14. Nf3 Ng6 15. Nxh4
Qxh4 16. f4 f5 17. gxf5 exf5 18. Bh5 O-O-O 19. Bxg6 hxg6 20. Qe2 Be6 21. Be3 Rh7
22. Rab1 Rdh8 23. Rf2 Qe7 24. b4 Rh4 25. a4 Rg4+ 26. Rg2 Rhh4 27. Rxg4 Rxg4+ 28.
Kh1 b6 29. Rg1 Rxg1+ 30. Bxg1 Qh4 31. Qf2 Qh3 32. Qg3 Qxg3 33. hxg3 b5 34. axb5
axb5 35. Kh2 Kd8 36. Kh3 Ke8 37. Kh4 Kf8 38. Kg5 Bf7 39. g4 fxg4 40. Kxg4 Be6+
41. Kg5 Kf7 42. Bf2 Bf5 43. Be3 Be6 44. Kh4 Bf5 45. Kg3 Kg8 46. Kh2 Kh7 47. Bf2
Kh6 48. Bh4 Kh5 49. Kg3 Be6 50. Be7 Bf5 51. Bf8 g5 52. Bxg7 g4 53. Bf6 Be6 54.
Bg5 Bf5 {Game drawn by mutual agreement} 1/2-1/2

[Event "Team 45 45 League T75"]
[Site "Internet Chess Club"]
[Date "2017.12.22"]
[Round "2"]
[White "scostanzo212"]
[Black "Littlemon"]
[Result "1/2-1/2"]
[WhiteElo "1486"]
[BlackElo "1568"]
[Opening "QGD Slav: 4.Nc3"]
[ECO "D15"]
[Time "18:02:02"]
[TimeControl "2700+45"]

1. d4 d5 2. c4 c6 3. Nf3 Nf6 4. Nc3 a6 5. Bf4 e6 6. e3 Nbd7 7. h3 dxc4 8. Bxc4
b5 9. Bd3 Bb7 10. O-O c5 11. dxc5 Bxc5 12. a3 O-O 13. Rc1 Rc8 14. Ne5 Nxe5 15.
Bxe5 Nd7 16. Bf4 Nf6 17. b4 Be7 18. Qe2 Qb6 19. Nb1 Be4 20. Bxe4 Nxe4 21. Be5
Bf6 22. Bxf6 Nxf6 23. Rc2 Rc6 24. Rfc1 Rfc8 25. Rxc6 Rxc6 26. Rxc6 Qxc6 27. Qd2
g6 28. Nc3 Qc4 29. Qb2 Nd7 30. Ne2 Nb6 31. Nd4 Qd3 32. Qb3 Qc4 33. Qb1 h5 34.
Qb3 e5 35. Qxc4 bxc4 36. Nc2 e4 37. Kf1 Kf8 38. Ke2 Ke7 39. Kd2 Kd6 40. Nd4 Kd5
41. Kc2 Na4 42. f3 f5 43. f4 Nb6 44. g3 Na8 45. Ne2 Nc7 46. Nc3+ Kc6 47. a4 Kb6
48. Kb2 a5 49. Ka3 Ka6 50. b5+ Kb6 51. Kb2 Kc5 52. Ka3 Na8 53. Ne2 Nb6 54. Nc3
Kd6 55. Kb2 Ke6 56. Kc2 Kf6 57. Kd2 g5 58. h4 gxf4 59. gxf4 Ke6 60. Kc2 Kd6 61.
Kb2 Kc5 62. Ka3 Kd6 63. Kb2 Ke6 64. Kc2 Ke7 65. Kc1 Kd6 66. Kb2 Kc5 67. Ka3 Kd6
68. Kb2 Ke6 69. Kc2 Nc8 70. Ne2 Nb6 71. Nc3 Nc8 72. Ne2 Nb6 73. Nc3 Nc8 {Game
drawn by repetition} 1/2-1/2

[Event "Team 45 45 League T75"]
[Site "Internet Chess Club"]
[Date "2017.12.24"]
[Round "2"]
[White "isaacdp"]
[Black "Arthurhon"]
[Result "1-0"]
[WhiteElo "1488"]
[BlackElo "1445"]
[Opening "QGD Slav: 3.Nf3"]
[ECO "D11"]
[Time "09:04:06"]
[TimeControl "2700+45"]

1. d4 d5 2. c4 c6 3. Nf3 Nf6 4. Qc2 Bg4 5. Ne5 Bh5 6. Bf4 Nbd7 7. e3 e6 8. h3
Be7 9. Nc3 O-O 10. Bd3 Bg6 11. Nxg6 fxg6 12. O-O Nh5 13. Bh2 c5 14. cxd5 cxd4
15. exd4 exd5 16. Nxd5 Bf6 17. Nxf6+ Nhxf6 18. Qb3+ Rf7 19. Bc4 Qf8 20. Bxf7+
Qxf7 21. Qxf7+ Kxf7 22. Be5 Rc8 23. Bxf6 gxf6 24. Rac1 Rxc1 25. Rxc1 Ke6 26. Rc7
Nf8 27. Rxb7 Kd5 28. Rxa7 Kxd4 29. Rf7 Ne6 30. Rxf6 Nc5 31. Rf7 Na4 32. Rf4+ Kc5
33. Rxa4 Kb5 34. Ra7 Kc6 35. Rxh7 Kd5 36. Rb7 Ke6 37. a4 Ke5 38. a5 Kf4 39. a6
Kg5 40. a7 Kh4 41. a8=Q g5 42. Qh8# {Black checkmated} 1-0

[Event "Team 45 45 League T75"]
[Site "Internet Chess Club"]
[Date "2017.12.22"]
[Round "2"]
[White "fishhead"]
[Black "jjmolina"]
[Result "1/2-1/2"]
[WhiteElo "1668"]
[BlackElo "1725"]
[Opening "Ruy Lopez: closed, Chigorin defense"]
[ECO "C97"]
[Time "13:46:17"]
[TimeControl "2700+45"]

1. e4 e5 2. Nf3 Nc6 3. Bb5 a6 4. Ba4 Nf6 5. O-O Be7 6. Re1 b5 7. Bb3 d6 8. c3
O-O 9. h3 Na5 10. Bc2 c5 11. d4 Qc7 12. Nbd2 Bb7 13. Nf1 Rac8 14. d5 Nc4 15. Ng3
g6 16. b3 Nb6 17. Bh6 Rfe8 18. Qd2 c4 19. b4 Kh8 20. Nh2 Ng8 21. Be3 Nf6 22. Rf1
Kg8 23. f4 exf4 24. Rxf4 Nbd7 25. Raf1 Rf8 26. Bd4 Qd8 27. Qf2 h5 28. Bxf6 Nxf6
29. Rxf6 Bxf6 30. Qxf6 Qxf6 31. Rxf6 Rfd8 32. Ne2 Kg7 33. Rf3 Ra8 34. Nd4 Bc8
35. a4 bxa4 36. Bxa4 a5 37. b5 Re8 38. Kf2 Rxe4 39. Re3 Rxe3 40. Kxe3 Kf6 41.
Nhf3 Bb7 42. Nc6 Re8+ 43. Kd4 Re2 44. g4 Ra2 45. g5+ Kg7 46. Bd1 a4 47. Kxc4 a3
48. Nb4 Rf2 49. Kb3 a2 50. Nxa2 Bxd5+ 51. c4 Bxf3 52. Bxf3 Rxf3+ 53. Kb4 Rxh3
54. b6 Re3 55. b7 Re8 56. Kb5 h4 57. Nc3 h3 58. Ne4 h2 59. Ng3 Kf8 60. Kc6 Ke7
61. Kc7 Ke6 62. b8=Q Rxb8 63. Kxb8 Ke5 64. Kc7 d5 65. cxd5 Kxd5 66. Kd7 Ke5 67.
Ke7 Kf4 68. Nh1 Kxg5 69. Kxf7 Kf5 70. Kg7 g5 71. Kh6 g4 72. Kh5 Kf4 73. Kh4 Kf3
74. Ng3 Kg2 75. Kxg4 h1=Q 76. Nxh1 {Game drawn because neither player has mating
material} 1/2-1/2

[Event "Team 45 45 League T75"]
[Site "Internet Chess Club"]
[Date "2017.12.27"]
[Round "2"]
[White "zap2"]
[Black "ivanson"]
[Result "1-0"]
[WhiteElo "1688"]
[BlackElo "1742"]
[Opening "Benko's opening"]
[ECO "A00"]
[Time "15:03:42"]
[TimeControl "2700+45"]

1. g3 e5 2. Bg2 d5 3. d3 Nf6 4. Nd2 Nc6 5. e4 dxe4 6. dxe4 Be7 7. Ngf3 O-O 8.
O-O Bg4 9. h3 Bh5 10. Re1 Bc5 11. c3 Qe7 12. Qc2 Bg6 13. Nh4 Rad8 14. Nf1 Nd7
15. Be3 f6 16. Nxg6 hxg6 17. b4 Bxe3 18. Nxe3 a6 19. Nd5 Qd6 20. Rad1 Ne7 21.
Nf4 Qc6 22. Qb3+ Kh7 23. Ne6 {Black resigns} 1-0

[Event "Team 45 45 League T75"]
[Site "Internet Chess Club"]
[Date "2017.12.23"]
[Round "2"]
[White "Demachaeron"]
[Black "LinceHispano44"]
[Result "0-1"]
[WhiteElo "1622"]
[BlackElo "1724"]
[Opening "QGD: classical variation (5.Bf4)"]
[ECO "D37"]
[Time "21:00:36"]
[TimeControl "2700+45"]

1. d4 Nf6 2. c4 e6 3. Nc3 d5 4. Nf3 Be7 5. Bf4 c5 6. e3 cxd4 7. Nxd4 Nbd7 8. Bg3
O-O 9. Bd3 Nc5 10. Bc2 dxc4 11. Qe2 Nd3+ 12. Bxd3 cxd3 13. Qxd3 Nh5 14. O-O-O
Qa5 15. f3 Rd8 16. Qc4 Nxg3 17. hxg3 Bd7 18. Kb1 e5 19. Nb3 Qb4 20. Qd3 e4 21.
Nxe4 Be6 22. Qc2 g6 23. Qc7 Rac8 24. Rxd8+ Rxd8 25. Qf4 Bf5 26. Nd4 Bxe4+ 27.
Qxe4 Bf6 28. Rc1 Bxd4 29. exd4 Rxd4 30. Rc8+ Kg7 31. Qe5+ Kh6 32. Qe3+ Kg7 33.
Rc1 Rd2 34. Qe5+ f6 35. Qc7+ Kg8 36. b3 Qd4 37. Qc4+ Qxc4 38. Rxc4 Rxg2 39. Rc8+
Kg7 40. Rc7+ Kh6 41. Rxb7 Rxg3 42. Rxa7 Rxf3 43. Kc2 g5 44. Rd7 g4 45. a4 g3 46.
Rd1 g2 47. Rg1 Rf2+ 48. Kc3 f5 49. a5 f4 50. a6 f3 51. Kd3 Ra2 52. Ke3 f2 53.
Rxg2 f1=Q 54. Rxa2 Qh3+ 55. Kd4 Qxb3 56. Rh2+ Kg7 57. Rg2+ Kh8 58. Kc5 Qe6 59.
Kb5 Qd5+ 60. Kb6 Qxg2 61. a7 {White resigns} 0-1

[Event "Team 45 45 League T75"]
[Site "Internet Chess Club"]
[Date "2017.12.27"]
[Round "2"]
[White "alegro"]
[Black "PolishRyszard"]
[Result "1-0"]
[WhiteElo "1934"]
[BlackElo "1803"]
[Opening "Robatsch defense"]
[ECO "B06"]
[Time "14:08:35"]
[TimeControl "2700+45"]

1. e4 g6 2. d4 Bg7 3. Nc3 c5 4. dxc5 Bxc3+ 5. bxc3 Qa5 6. Qd4 Nf6 7. Qb4 Nc6 8.
Qxa5 Nxa5 9. Bd3 O-O 10. Ne2 b6 11. cxb6 axb6 12. O-O d5 13. exd5 Nxd5 14. Rb1
Ba6 15. Rd1 e6 16. Bb2 Rfc8 17. h4 Nc4 18. Ba1 Bb7 19. Nc1 Ra5 20. Be4 f5 21.
Bf3 e5 22. Nb3 Rb5 23. a4 e4 24. Be2 Rbc5 25. Nxc5 Rxc5 26. Bxc4 Rxc4 27. Rd4
Rc7 28. c4 Nf4 29. Rd8+ Kf7 30. Be5 Ne2+ 31. Kf1 Re7 32. Bd6 Nc3 33. Rb3 Nxa4
34. Bxe7 Kxe7 35. Rh8 Ba6 36. Rxh7+ Kd6 37. Rb4 {Black resigns} 1-0

[Event "Team 45 45 League T75"]
[Site "Internet Chess Club"]
[Date "2017.12.23"]
[Round "2"]
[White "cadmiumorange"]
[Black "janh"]
[Result "1/2-1/2"]
[WhiteElo "1761"]
[BlackElo "1875"]
[Opening "Réti: King's Indian attack (Barcza system)"]
[ECO "A07"]
[Time "14:02:59"]
[TimeControl "2700+45"]

1. Nf3 d5 2. g3 Bf5 3. d3 c6 4. Bg2 Nf6 5. O-O Nbd7 6. Nbd2 e6 7. Qe1 Bg6 8. e4
dxe4 9. dxe4 Bc5 10. e5 Nd5 11. Ne4 Be7 12. c4 N5b6 13. Qe2 Qc7 14. Bf4 O-O-O
15. Nd6+ Kb8 16. Rfd1 Bh5 17. b4 g5 18. Be3 Nxe5 19. Bxb6 axb6 20. Qxe5 Bxd6 21.
Qxg5 Bxf3 22. Bxf3 Bxb4 23. Rab1 Bc5 24. a4 Rhg8 25. Qf6 Rxd1+ 26. Rxd1 Qe7 27.
Qf4+ Ka7 28. Be4 f5 29. Bc2 Rg4 30. Qd2 Rd4 31. Qe2 Rxd1+ 32. Qxd1 Qf6 33. Qd2
Qd4 34. Qxd4 Bxd4 35. g4 fxg4 36. Bxh7 Ka6 {Game drawn by mutual agreement}
1/2-1/2

[Event "Team 45 45 League T75"]
[Site "Internet Chess Club"]
[Date "2017.12.21"]
[Round "2"]
[White "Portola"]
[Black "ChessRooklift"]
[Result "1/2-1/2"]
[WhiteElo "1725"]
[BlackElo "1682"]
[Opening "Queen's pawn: Lundin (Kevitz-Mikenas) defense"]
[ECO "A40"]
[Time "19:02:09"]
[TimeControl "2700+45"]

1. d4 Nc6 2. c3 e5 3. dxe5 Nxe5 4. Bf4 Ng6 5. Bg3 Nf6 6. Nf3 d5 7. e3 Bd6 8. Bd3
O-O 9. Nbd2 Bg4 10. Qc2 c5 11. Bxd6 Qxd6 12. O-O Bxf3 13. Nxf3 Ne5 14. Nxe5 Qxe5
15. Be2 Rfd8 16. Rad1 Rd6 17. Bf3 Rad8 18. Qa4 Qe7 {Game drawn by mutual
agreement} 1/2-1/2

[Event "Team 45 45 League T75"]
[Site "Internet Chess Club"]
[Date "2017.12.22"]
[Round "2"]
[White "Konstantinos"]
[Black "kabindra"]
[Result "1-0"]
[WhiteElo "1632"]
[BlackElo "1674"]
[Opening "King's Indian defense, 3.Nc3"]
[ECO "E61"]
[Time "11:00:31"]
[TimeControl "2700+45"]

1. d4 Nf6 2. c4 g6 3. Nc3 Bg7 4. Nf3 O-O 5. e3 d6 6. Be2 Bf5 7. O-O Nc6 8. a3 a5
9. Nd2 e5 10. d5 Ne7 11. e4 Bd7 12. a4 c6 13. b3 h5 14. Rb1 Rc8 15. Nf3 cxd5 16.
exd5 Bf5 17. Ra1 e4 18. Nd4 Bg4 19. Bxg4 Nxg4 20. Nxe4 Qb6 21. Bb2 Rxc4 22. bxc4
Qxb2 23. Nb5 Qxa1 24. Qxa1 Bxa1 25. Rxa1 Nf5 26. Nbxd6 Nxd6 27. Nxd6 Ne5 28. f4
Nd3 29. Nxb7 Nxf4 30. Nxa5 Rc8 31. Nc6 Nd3 {Black resigns} 1-0

[Event "Team 45 45 League T75"]
[Site "Internet Chess Club"]
[Date "2017.12.22"]
[Round "2"]
[White "kutch"]
[Black "rubo"]
[Result "1-0"]
[WhiteElo "1602"]
[BlackElo "1533"]
[Opening "Budapest: Adler variation"]
[ECO "A52"]
[Time "19:11:07"]
[TimeControl "2700+45"]

1. d4 Nf6 2. c4 e5 3. dxe5 Ng4 4. Nf3 Bc5 5. e3 Nc6 6. Nc3 Ngxe5 7. Nxe5 Nxe5 8.
Be2 d6 9. a3 a5 10. Bd2 O-O 11. Ne4 Bb6 12. b4 f5 13. Nc3 Be6 14. Nd5 Bxd5 15.
cxd5 axb4 16. Bxb4 Qh4 17. O-O f4 18. exf4 Qxf4 19. Be1 Rf6 20. Qd2 Bxf2+ 21.
Rxf2 Qxd2 22. Bxd2 Raf8 23. Rxf6 Rxf6 24. Rf1 Rxf1+ 25. Kxf1 Kf7 26. a4 Nd7 27.
Be3 b6 28. Bd4 Nc5 29. Bxc5 dxc5 30. Kf2 Kf6 31. Bc4 Ke5 32. Ke3 h6 33. g4 g5
34. h3 Kf6 35. Ke4 Kg6 36. Ke5 h5 37. d6 cxd6+ 38. Kxd6 hxg4 39. hxg4 Kf6 40.
Kc6 Ke5 41. Kxb6 Kd4 42. Kb5 {Black resigns} 1-0

[Event "Team 45 45 League T75"]
[Site "Internet Chess Club"]
[Date "2017.12.24"]
[Round "2"]
[White "zethhon"]
[Black "Electryon"]
[Result "0-1"]
[WhiteElo "1366"]
[BlackElo "1490"]
[Opening "Queen's pawn"]
[ECO "A40"]
[Time "08:01:03"]
[TimeControl "2700+45"]

1. d4 e6 2. Nf3 f5 3. Bf4 Nf6 4. e3 b6 5. c4 Bb4+ 6. Nc3 Bb7 7. a3 Bxc3+ 8. bxc3
Ne4 9. Qc2 d6 10. Rd1 O-O 11. d5 e5 12. Bg3 Nd7 13. Bh4 Qe8 14. Ng5 Nxg5 15.
Bxg5 Qg6 16. Bh4 Nc5 17. Bg3 Bc8 18. Be2 Bd7 19. Rb1 Ba4 20. Qc1 f4 21. exf4
exf4 22. Bh4 Qxg2 23. Kd2 Ne4+ 24. Kd3 Nxf2+ 25. Kd2 Nxh1 26. Qxh1 Qxh1 27. Rxh1
f3 28. Bd3 Rae8 29. Rf1 Bd7 30. Rf2 Bh3 31. Bg3 Bg2 32. Bh4 Rf4 33. Bg3 Rg4 34.
a4 h5 35. Kd1 h4 36. Bf4 Rxf4 37. Kd2 Rg4 38. Kd1 Rg5 39. Kd2 Rge5 40. Kd1 Re1+
41. Kd2 Rh1 42. Bg6 Re2+ 43. Rxe2 fxe2 44. Kxe2 Bf1+ 45. Kf2 Bxc4 46. Be4 Rxh2+
47. Kg1 Ra2 48. Bf5 Rxa4 49. Kh2 Bxd5 50. Kh3 g5 51. Bd7 Rc4 52. Bb5 Rxc3+ 53.
Kg4 Kg7 54. Bf1 Rg3+ 55. Kh5 Bf7# {White checkmated} 0-1